 Dungeon Crawl Stone Soup version 0.28.0-1-gb440e238dd (webtiles) character file.

Game seed: 11677693092482770509

233 Zonian the Chiller (level 5, 0/35 HPs)
             Began as a Demonspawn Ice Elementalist on Feb 28, 2022.
             Was a Believer of Nemelex Xobeh.
             Succumbed to an adder's poison
             ... on level 3 of the Dungeon.
             The game lasted 00:08:41 (5087 turns).

Zonian the Chiller (Demonspawn Ice Elementalist)    Turns: 5087, Time: 00:08:43

Health: 0/35       AC:  5    Str:  9    XL:     5   Next: 75%
Magic:  5/9        EV: 13    Int: 18    God:    Nemelex Xobeh [**....]
Gold:   135        SH:  0    Dex: 19    Spells: 3/10 levels left

rFire   . . .      SeeInvis .   k - +0 short sword
rCold   . . .      Faith    .   (no shield)
rNeg    . . .      Spirit   .   a - +0 robe
rPois   .          Reflect  .   (helmet restricted)
rElec   .          Harm     .   f - +1 cloak
rCorr   .          Rampage  .   (no gloves)
Will    .....                   g - +0 pair of boots
Stlth   +++.......              (no amulet)
HPRegen 0.11/turn               c - +6 ring of dexterity
MPRegen 0.11/turn               (no ring)

@: lethally poisoned (0 -> -1)
A: horns 2, powered by pain 1
a: Renounce Religion, Draw Escape, Draw Destruction, Draw Summoning


You were on level 3 of the Dungeon.
You worshipped Nemelex Xobeh.
Nemelex Xobeh was pleased with you.
You visited 1 branch of the dungeon, and saw 3 of its levels.
You also visited: Sewer.

You collected 135 gold pieces.

Inventory:

Hand Weapons
 b - a +0 hand axe
 k - a +0 short sword (weapon)
Armour
 a - a +0 robe (worn)
 d - a +0 buckler
 f - a +1 cloak (worn)
 g - a +0 pair of boots (worn)
 j - a +0 helmet
Jewellery
 c - a +6 ring of dexterity (left hand)
Scrolls
 h - a scroll of vulnerability
Potions
 e - a potion of cancellation
 i - 6 potions of curing
 l - 4 potions of attraction
 m - a potion of heal wounds {unknown}
 o - a potion of haste {unknown}
 p - a potion of lignification {unknown}


   Skills:
 + Level 3.0 Dodging
 + Level 3.4 Stealth
 + Level 3.2 Spellcasting
 + Level 4.4 Ice Magic


You had 3 spell levels left.
You knew the following spells:

 Your Spells              Type           Power      Damage    Failure   Level
a - Freeze                Ice            76%        1d9       2%          1
b - Frozen Ramparts       Ice            38%        1d5       8%          3
c - Ozocubu's Armour      Ice            19%        N/A       8%          3

Your spell library contained the following spells:

 Spells                   Type           Power      Damage    Failure   Level
 Animate Skeleton         Necr           4%         N/A       16%         1
 Apportation              Tloc           4%         N/A       16%         1
 Summon Small Mammal      Summ           8%         N/A       16%         1
 Hailstorm                Conj/Ice       10%        3d5       54%         4


Dungeon Overview and Level Annotations

Branches:
Dungeon (3/15)              Sewer (visited)

Altars:
Nemelex Xobeh

Shops:
D:2 =


Innate Abilities, Weirdness & Mutations

You have a pair of horns on your head.
You sometimes gain a little power by taking damage.


Message History

Casting: Freeze (safe; 2% risk of failure)
Confirm with . or Enter, or press ? or * to list all spells.
Aiming: Freeze (safe; 2% risk of failure)
Press: ? - help, Shift-Dir - straight line, f/p - adder
Aim: an adder (moderately wounded)
You freeze the adder.
The adder is heavily wounded.
The adder bites you.
Unknown command.
You hit the adder.
The adder is severely wounded.
The adder bites you.
* * * LOW HITPOINT WARNING * * *
You are poisoned.
The adder poisons you!
Unknown command.
Casting: Freeze (safe; 2% risk of failure)
Confirm with . or Enter, or press ? or * to list all spells.
Aiming: Freeze (safe; 2% risk of failure)
Press: ? - help, Shift-Dir - straight line, f/p - adder
Aim: an adder (severely wounded)
You freeze the adder.
You kill the adder!
You feel sick.
Unknown command.
You hit the orc but do no damage. You headbutt the orc.
The orc is moderately wounded.
You feel sick. The orc hits you with a +0 falchion.
* * * LOW HITPOINT WARNING * * *
The orc hits you with a +0 falchion.
* * * LOW HITPOINT WARNING * * *
Unknown command.
You draw a card...
You have drawn the Orb.
Press: ? - help, Shift-Dir - straight line, f - orc
Aim: an orc, wielding a +0 falchion and wearing a +0 leather armour (lightly wounded)
The wavering orb of destruction weakly hits the orc!
You blow up the orc!
You die...
Your body glows slightly and disappears.

#####
###########......
#....@)...'......
###.#######......
#.# ..... #.#
.... #.# ... #.#
.. #.# . #.# #.#
###


There were no monsters in sight!

Vanquished Creatures
  A water moccasin zombie (D:3)
  A hound (D:3)
  Jessica (D:3)
  Robin (D:2)
  3 adders
  2 worms
  8 orcs
  7 ball pythons
  5 bats
  2 endoplasms
  4 giant cockroaches
  9 goblins
  6 hobgoblins
  3 kobolds (D:2)
  3 quokkas
  8 frilled lizards
  8 rats
72 creatures vanquished.

Notes
Turn   | Place    | Note
-------+----------+-------------------------------------------
     0 | D:1      | Zonian the Demonspawn Ice Elementalist began the quest for
                  | the Orb.
     0 | D:1      | Reached XP level 1. HP: 13/13 MP: 3/3
   258 | D:1      | Found a faded altar of an unknown god.
   799 | D:1      | Prayed at the altar of an unknown god.
   799 | D:1      | Became a worshipper of Nemelex Xobeh the Trickster
   799 | D:1      | Reached * piety under Nemelex Xobeh
   824 | D:2      | Found Kosoucs's Jewellery Boutique.
   835 | D:2      | Gained mutation: You sometimes gain a little power by
                  | taking damage. [demonic ancestry]
   835 | D:2      | Reached XP level 2. HP: 5/19 MP: 3/5
   851 | D:2      | Received a gift from Nemelex Xobeh
  1450 | D:2      | Noticed Robin
  1823 | D:2      | Killed Robin
  1824 | D:2      | Gained mutation: You have a pair of small horns on your
                  | head. [demonic ancestry]
  1824 | D:2      | Reached XP level 3. HP: 17/24 MP: 0/6
  2380 | D:2      | Reached skill level 4 in Ice Magic
  2455 | D:2      | Learned a level 3 spell: Frozen Ramparts
  2901 | D:3      | Received a gift from Nemelex Xobeh
  2950 | D:3      | Found a glowing drain.
  2982 | Sewer    | Entered a sewer
  3053 | Sewer    | Gained mutation: You have a pair of horns on your head.
                  | [demonic ancestry]
  3053 | Sewer    | Reached XP level 4. HP: 24/30 MP: 4/7
  3617 | D:3      | Reached XP level 5. HP: 9/35 MP: 7/9
  4155 | D:3      | Learned a level 3 spell: Ozocubu's Armour
  4177 | D:3      | Reached ** piety under Nemelex Xobeh
  4533 | D:3      | Noticed Jessica
  4542 | D:3      | Killed Jessica
  5086 | D:3      | HP: 1/35 [orc (2)]
  5087 | D:3      | Succumbed to an adder's poison

Illustrated notes

Levels and vault maps discovered:
D:1:      scummos_arrival_simple_crosswalls, layout_basic,
          hellmonk_ecumenical_altar_zigzags, minmay_strange_pillars
D:2:      layout_loops_cross, serial_shops, shop, uniq_robin
D:3:      layout_basic, cheibrodos_sewer_entry_bend, uniq_crazy_yiuf_cottage,
          uniq_jessica

Skill      XL: |  1  2  3  4  5 |
---------------+----------------+-----
Stealth        | 2 3 |  3.4
Dodging        | 2 3 |  3.0
Ice Magic      | 4 |  4.4
Spellcasting   | 3 |  3.2

Action                   |  1- 3 |  4- 6 || total
-------------------------+-------+-------++-------
Melee: Hand axe          |    23 |       ||    23
       Short sword       |    69 |    82 ||   151
       Headbutt          |     7 |    24 ||    31
 Cast: Freeze            |    35 |    22 ||    57
Invok: Draw Destruction  |     1 |     9 ||    10
  Use: Potion            |     2 |       ||     2
       Scroll            |     3 |     3 ||     6
 Stab: Sleeping          |     1 |     4 ||     5
Armor: Robe              |    39 |    24 ||    63
Dodge: Dodged            |    96 |    58 ||   154
